 Dungeon Crawl Stone Soup version 0.17-a0-1446-gc28613e (webtiles) character file.

47 patman the Sneak (level 3, -4/18 HPs)
             Began as a Vine Stalker Assassin on June 28, 2015.
             Slain by an orc
             ... wielding a +0 flail
              (10 damage)
             ... on level 2 of the Dungeon.
             The game lasted 00:02:17 (738 turns).

patman the Sneak (Vine Stalker Assassin)             Turns: 738, Time: 00:02:17

Health: -4/18      AC:  3    Str: 13    XL:     3   Next: 70%
Magic:  0/4        EV: 11    Int: 11    God:
Gold:   117        SH:  0    Dex: 16    Spells: 0 memorised, 2 levels left

rFire  . . .     SeeInvis .     a - +2 dagger
rCold  . . .     Clarity  .     c - +0 robe
rNeg   . . .     SustAt   .     (no shield)
rPois  .         Gourm    .     (no helmet)
rElec  .         Spirit   +     d - +0 cloak
rCorr  .         Warding  .     (no gloves)
rMut   .         Stasis   .     (no boots)
MR     .....                    (no amulet)
Stlth  +++.......               (no ring)
                                (no ring)

@: not resistant to hostile enchantments, fairly stealthy
A: fangs 2, regeneration 1, magic shield, antimagic bite, no device heal 3, rot
immunity
a: no special abilities


You were on level 2 of the Dungeon.
You were not hungry.

You visited 1 branch of the dungeon, and saw 3 of its levels.

You collected 117 gold pieces.

Inventory:

Hand weapons
 a - a +2 dagger (weapon)
 b - a +0 blowgun
Missiles
 e - 8 poisoned needles
 f - 2 curare-tipped needles
Armour
 c - a +0 robe (worn)
 d - a +0 cloak (worn)
Scrolls
 i - 2 scrolls of teleportation {unknown}
 j - a scroll of identify {unknown}
 m - a scroll of noise {unknown}
 o - a scroll of fear {unknown}
Potions
 k - a potion of resistance {unknown}
 l - a potion of might {unknown}
Comestibles
 g - a bread ration
 h - a slice of pizza
 n - a beef jerky


   Skills:
 - Level 1.7 Fighting
 - Level 1.7 Short Blades
 + Level 3.5 Throwing
 - Level 0.7 Dodging
 - Level 4.8 Stealth


You had 2 spell levels left.
You didn't know any spells.

Dungeon Overview and Level Annotations

Branches:
Dungeon (3/15)

Altars:
Gozag

Annotations:
D:3 braks's ghost, average OgWr


Innate Abilities, Weirdness & Mutations

You have extremely sharp teeth.
Your natural rate of healing is unusually fast.
When hurt, damage is shared between your health and your magic reserves.
Your bite disrupts and absorbs the magic of your enemies.
Potions and wands cannot restore your health.
You are immune to rotting.


Message History

The orc is severely wounded.
The orc hits you.
You hit the orc. You bite the orc, but do no damage.
The orc is almost dead.
The orc closely misses you.
You hit the orc.
You kill the orc!
You barely miss the orc. Your bite misses the orc.
The orc hits you with a flail.
You closely miss the orc. You bite the orc, but do no damage.
The orc hits you with a flail.
* * * LOW HITPOINT WARNING * * *
You hit the orc. Your bite misses the orc.
The orc is lightly wounded.
The orc misses you.
You hit the orc.
The orc is heavily wounded.
The orc hits you with a flail!
Ouch! That really hurt!
You die...

......#..###.#.# #.#
#..####..# #.#.###.#
#........# #.......#
#..#####.# ###.#####
##..†.....# ##.##
##.....##### ##...##
##.......## ##.....##
#.........####.......#
+.........'o@.......###
#.........###........†#
##.......## #...#..##†#
##..>..## #..###.##.#
##...## #..###.##.# #
##+## #..##..##.# # #.#
#..##.###.# # #.#
#.........# #
##.########........#


You could see an orc.

Vanquished Creatures
  2 adders (D:2)
  A giant gecko (D:1)
  An orc (D:2)
  A ball python (D:2)
  A bat (D:2)
  A giant cockroach (D:1)
  A hobgoblin (D:1)
  4 jackals (D:1)
  3 kobolds
  2 giant newts
  6 goblins
  2 rats (D:1)
25 creatures vanquished.

Notes
Turn   | Place    | Note
--------------------------------------------------------------
     0 | D:1      | patman the Vine Stalker Assassin began the quest for the Orb.
     0 | D:1      | Reached XP level 1. HP: 11/11 MP: 2/2
   220 | D:2      | Reached XP level 2. HP: 15/15 MP: 3/3
   579 | D:2      | Found an opulent altar of Gozag.
   609 | D:2      | Reached XP level 3. HP: 18/18 MP: 4/4
   718 | D:3      | Noticed braks's ghost (average OgWr)
   738 | D:2      | Slain by an orc

Vault maps used:
D:1:      dpeg_arrival_pits, minmay_misc_feat_hallway
D:2:      grunt_gozag_breadcrumbs
D:3:      kennysheep_the_goblin_king, led_sif_pool, serial_glass,
          glass_columns_a, glass_columns_a

Action                   || total
-------------------------++-------
Melee: Dagger            ||    81
 Stab: Sleeping          ||     6
